 Dungeon Crawl Stone Soup version 0.22-a0-558-gc224181 (webtiles) character file.

5534 inc the Basher (level 10, -9/109 HPs)
             Began as an Ogre Hunter on June 26, 2018.
             Was a Priest of Okawaru.
             Mangled by an orc warrior
             ... wielding a +0 scimitar
              (19 damage)
             ... on level 10 of the Dungeon.
             The game lasted 00:17:50 (10653 turns).

inc the Basher (Ogre Hunter)                       Turns: 10653, Time: 00:17:50

Health: -9/109     AC:  8    Str: 21    XL:     10   Next: 71%
Magic:  12/14      EV: 12    Int: 14    God:    Okawaru [***...]
Gold:   384        SH:  0    Dex:  9    Spells: 9/9 levels left

rFire    . . .     SeeInvis .   B - +1 giant spiked club
rCold    . . .     Gourm    .   (shield currently unavailable)
rNeg     + . .     Faith    +   F - +2 robe {MR+}
rPois    .         Spirit   .   (helmet restricted)
rElec    .         Reflect  .   J - +2 cloak {+Inv}
rCorr    .         Harm     .   (gloves unavailable)
MR       ++...                  (boots unavailable)
Stlth    +++.......             H - amulet of faith
HPRegen  0.28/turn              q - ring of positive energy
MPRegen  0.14/turn              z - +2 ring of intelligence

@: heroism, slowed, very slow
A: large, unfitting armour, tough skin 1
a: Heroism, Renounce Religion, Evoke Invisibility


You were on level 10 of the Dungeon.
You worshipped Okawaru.
Okawaru was most pleased with you.
You were hungry.

You visited 2 branches of the dungeon, and saw 12 of its levels.

You collected 614 gold pieces.
You spent 230 gold pieces at shops.

Inventory:

Hand Weapons
 a - a +0 short sword
 e - a +0 whip
 B - a +1 giant spiked club (weapon)
 E - a +0 giant club
Missiles
 g - a throwing net
 p - 3 large rocks (quivered)
 C - 8 curare-tipped needles
Armour
 b - a +0 robe
 j - a +1 cloak
 F - a +2 robe of magic resistance (worn)
 J - a +2 cloak of invisibility (worn)
Magical Staves
 L - an uncursed staff of wizardry
Jewellery
 d - an uncursed ring of wizardry
 q - a ring of positive energy (left hand)
 y - an uncursed amulet of magic regeneration
 z - a +2 ring of intelligence (right hand)
 H - an amulet of faith (around neck)
Wands
 c - a wand of digging (17)
 s - a wand of acid (13)
 G - a wand of clouds (5)
 O - a wand of iceblast (5)
Scrolls
 i - 5 scrolls of teleportation {unknown}
 l - a scroll of amnesia
 n - 8 scrolls of remove curse
 o - a scroll of immolation {unknown}
 r - 3 scrolls of enchant armour {unknown}
 x - 8 scrolls of identify
 D - 3 scrolls of noise {unknown}
 I - a scroll of vulnerability {unknown}
 K - a scroll of magic mapping {unknown}
Potions
 h - a potion of degeneration
 k - 3 potions of lignification
 t - a potion of resistance
 u - 2 potions of curing
 v - a potion of mutation
 w - a potion of magic
 A - a potion of brilliance
 M - 2 potions of agility
Comestibles
 f - 11 rations


   Skills:
 + Level 9.6(14.6) Fighting
 - Level 11.6(16.6) Maces & Flails
 - Level 4.0(9.0) Throwing
 - Level 1.7(6.7) Dodging
 - Level 0.6(5.6) Stealth
 - Level 5.6 Invocations


You had 9 spell levels left.
You didn't know any spells.
Your spell library contained the following spells:

 Spells                   Type           Power        Failure   Level  Hunger
 Magic Dart               Conj           #...         28%         1    ##.....
 Fireball                 Conj/Fire      #.........   100%        5    ######.
 Conjure Flame            Conj/Fire      #.......     65%         3    ####...
 Throw Flame              Conj/Fire      #.....       41%         2    ###....
 Summon Small Mammal      Summ           #...         28%         1    ##.....
 Iskenderun's Mystic Bla  Conj           #.......     96%         4    #####..
 Sticky Flame             Conj/Fire      #.......     96%         4    #####..
 Summon Ice Beast         Ice/Summ       #.......     96%         4    #####..
 Call Imp                 Summ           #.......     41%         2    ###....
 Spider Form              Tmut/Pois      #.........   65%         3    ####...
 Blade Hands              Tmut           #.........   100%        5    ######.
 Ice Form                 Ice/Tmut       #.......     96%         4    #####..
 Flame Tongue             Conj/Fire      #....        28%         1    ##.....
 Sticks to Snakes         Tmut           #.......     41%         2    ###....
 Call Canine Familiar     Summ           #.......     65%         3    ####...
 Inner Flame              Hex/Fire       #.......     65%         3    ####...
 Beastly Appendage        Tmut           #.....       28%         1    ##.....
 Fulminant Prism          Conj/Hex       #.........   96%         4    #####..
 Dazzling Spray           Conj/Hex       #.....       65%         3    ####...
 Force Lance              Conj/Tloc      #.......     96%         4    #####..
 Searing Ray              Conj           #.....       41%         2    ###....
 Summon Lightning Spire   Summ/Air       #.......     96%         4    #####..
 Summon Guardian Golem    Hex/Summ       #.......     65%         3    ####...


Dungeon Overview and Level Annotations

Branches:
Dungeon (11/15)            Temple (1/1) D:7
   Lair: D:8-11         Orc: D:9-12

Altars:
Ashenzari
Cheibriados
Dithmenos
Elyvilon
Fedhas
Gozag
Hepliaklqana
Kikubaaqudgha
Makhleb
Nemelex Xobeh
Okawaru
Qazlal
Ru
Sif Muna
Trog
Uskayaw
Vehumet
Wu Jian
Xom
Yredelemnul
Zin
The Shining One

Shops:
D:5 [   D:8 %(}=

Annotations:
D:11 Josephine


Innate Abilities, Weirdness & Mutations

You are too large for most types of armour.
You have tough skin. (AC +1)


Message History

The wraith hits you.
The orc warrior hits you with a scimitar!!
The wraith hits you!
You closely miss the wraith.
The wraith is almost destroyed.
The orc warrior hits you with a scimitar!!
The wraith completely misses you.
The orc warrior hits you with a scimitar!!
* * * LOW HITPOINT WARNING * * *
Unknown command.
Okay, then.
You puncture the wraith!
You destroy the wraith!
Okawaru accepts your kill.
The orc warrior hits you with a scimitar.
* * * LOW HITPOINT WARNING * * *
Unknown command.
You gain the combat prowess of a mighty hero.
The orc warrior hits you with a scimitar!!
You die...

#.......#.........
#.......#.........
#.......'.........
#####.......#.........
............#.<.......
...........)#.........
.......)....#####+#####
.............o.........
............@..........
..........#####........
..........# #.......<
######....# #........
#....# #........
#####....# #........
#........# #.....##+##
#........# #.....#....
#........#####.....#...#


You could see an orc warrior.

Vanquished Creatures
  A two-headed ogre (D:10)
  2 hippogriffs
  A wraith (D:10)
  3 yaks (D:9)
  A wyvern (D:9)
  Grum (D:9)
  3 hungry ghosts
  A water moccasin (D:8)
  An orc warrior (D:8)
  2 sky beasts
  A black bear (D:7)
  A necrophage (D:7)
  8 ogres
  3 wolves (D:9)
  4 centaurs
  A phantom (D:7)
  A big kobold (D:8)
  4 bullfrogs
  A water moccasin zombie (D:8)
  3 scorpions
  2 crimson imps
  A centaur zombie (D:7)
  A hound (D:5)
  3 jellies
  4 orc wizards
  Crazy Yiuf (D:7)
  2 orc priests
  2 bullfrog skeletons
  A centaur skeleton (D:9)
  An iguana (D:5)
  8 worker ants
  2 hound zombies
  5 adders
  2 shadow imps (D:7)
  2 oozes (D:2)
  An adder zombie (D:6)
  A worm (D:4)
  2 dart slugs (D:1)
  7 leopard geckos
  15 orcs
  6 bats
  6 giant cockroaches
  4 goblins
  2 hobgoblins
  11 jackals
  4 quokkas
  2 ball pythons (D:3)
  5 frilled lizards
  A jackal skeleton (D:4)
  A jackal zombie (D:5)
  8 kobolds
  A leopard gecko skeleton (D:4)
  2 quokka skeletons (D:5)
  9 rats
  A fungus (D:7)
169 creatures vanquished.

Notes
Turn   | Place    | Note
-------+----------+-------------------------------------------
     0 | D:1      | inc the Ogre Hunter began the quest for the Orb.
     0 | D:1      | Reached XP level 1. HP: 22/22 MP: 1/1
   358 | D:1      | Reached XP level 2. HP: 31/31 MP: 2/2
   677 | D:1      | Reached skill level 1 in Maces & Flails
   976 | D:1      | Reached XP level 3. HP: 32/37 MP: 3/3
  1167 | D:2      | Reached skill level 2 in Maces & Flails
  1811 | D:2      | Reached XP level 4. HP: 38/48 MP: 4/4
  2105 | D:3      | Noticed a centaur
  2107 | D:3      | Killed a centaur
  2107 | D:3      | Reached skill level 3 in Maces & Flails
  2107 | D:3      | Reached XP level 5. HP: 33/55 MP: 5/5
  2561 | D:3      | Reached skill level 5 in Fighting
  3056 | D:4      | Found a bloodstained altar of Trog.
  3086 | D:4      | Noticed an ogre
  3383 | D:4      | Reached XP level 6. HP: 61/66 MP: 6/6
  3407 | D:4      | Reached skill level 4 in Maces & Flails
  3647 | D:4      | Reached XP level 7. HP: 76/76 MP: 7/7
  3888 | D:4      | Reached skill level 5 in Maces & Flails
  4141 | D:5      | Entered Level 5 of the Dungeon
  5062 | D:5      | Reached skill level 6 in Maces & Flails
  5074 | D:5      | Reached XP level 8. HP: 84/84 MP: 8/8
  5135 | D:5      | Reached skill level 7 in Maces & Flails
  5374 | D:5      | Found Ivit's Armour Shop.
  5378 | D:5      | Bought a +2 robe of magic resistance for 230 gold pieces
  6169 | D:7      | Found a blossoming altar of Fedhas.
  6208 | D:7      | Found a sacrificial altar of Ru.
  6208 | D:7      | Found a shattered altar of Ashenzari.
  6214 | D:7      | Reached skill level 8 in Maces & Flails
  6420 | D:7      | Reached skill level 9 in Maces & Flails
  6439 | D:7      | Reached XP level 9. HP: 23/91 MP: 9/9
  6775 | D:7      | Found a staircase to the Ecumenical Temple.
  6781 | Temple   | Entered the Ecumenical Temple
  6826 | Temple   | Became a worshipper of Warmaster Okawaru
  7097 | D:7      | Found a runed door.
  7101 | D:7      | Noticed Crazy Yiuf
  7102 | D:7      | Killed Crazy Yiuf
  7206 | D:8      | Found Watoff's Jewellery Shop.
  7421 | D:8      | Reached skill level 10 in Maces & Flails
  7481 | D:8      | Reached * piety under Okawaru
  7492 | D:8      | Found Boquroc's Food Shoppe.
  7561 | D:8      | Found Voptegg's Gadget Boutique.
  7785 | D:8      | Reached skill level 11 in Maces & Flails
  7991 | D:8      | Found Evvutimus's Weapon Shoppe.
  8057 | D:9      | Found a glowing golden altar of the Shining One.
  8765 | D:9      | Noticed Grum
  8769 | D:9      | Reached XP level 10. HP: 84/99 MP: 10/10
  8777 | D:9      | HP: 4/100 [Grum/spear (13)]
  9178 | D:9      | Reached ** piety under Okawaru
  9276 | D:9      | Killed Grum
  9320 | D:9      | Reached skill level 5 in Invocations
 10074 | D:10     | Entered Level 10 of the Dungeon
 10233 | D:10     | Noticed a two-headed ogre
 10237 | D:10     | Killed a two-headed ogre
 10237 | D:10     | Reached *** piety under Okawaru
 10502 | D:10     | Noticed a centaur warrior
 10647 | D:11     | Noticed Josephine
 10653 | D:10     | Mangled by an orc warrior

Vault maps used:
D:1:      dpeg_arrival_short_road
D:4:      lemuel_crystal_altar, first_ration, hangedman_decor_riveting,
          minmay_liquid_box, kennysheep_generic_room_11
D:5:      serial_shops, shop
D:6:      lightli_corner_chamber
D:7:      wad_crossroads, fedhas_altar_4, gammafunk_temple_overflow_elements,
          minmay_temple_entry_enclosed_plants, uniq_crazy_yiuf_cottage
D:8:      serial_shops, shop, nicolae_shop_behind_doors, kennysheep_little_box,
          kennysheep_mini_moat, grunt_ogre_cave, hangedman_decor_peaks_small
D:9:      basic_altar, patterned_corridor, uniq_grum
D:11:     dpeg_oklobed_lair, uniq_erolcha, uniq_snorg, uniq_sonja, uniq_erica,
          uniq_josephine
Temple:   compressed_dpeg_circular_temple

Skill      XL: |  1  2  3  4  5  6  7  8  9 10 |
---------------+-------------------------------+-----
Fighting       | 3 4 5 6 9 |  9.6
Maces & Flails | 1 2 3 4 6 9 11 | 11.6
Invocations    | 5 |  5.6
Throwing       | |  4.0
Dodging        | |  1.7
Stealth        | |  0.6

Action                   |  1- 3 |  4- 6 |  7- 9 | 10-12 || total
-------------------------+-------+-------+-------+-------++-------
Melee: Short sword       |    15 |       |       |       ||    15
       Whip              |   106 |   160 |    38 |       ||   304
       Giant spiked club |       |       |   189 |    85 ||   274
Throw: Large rock        |     6 |    13 |    18 |     3 ||    40
       Throwing net      |       |     2 |     3 |       ||     5
Invok: Heroism           |       |       |       |     7 ||     7
  Use: Scroll            |       |     6 |     5 |     5 ||    16
       Potion            |       |     1 |       |     5 ||     6
 Stab: Sleeping          |     1 |     2 |       |     1 ||     4
       Held in net/web   |       |     1 |       |       ||     1
  Eat: Chunk             |     1 |     8 |     6 |     5 ||    20
       Ration            |       |       |     3 |     2 ||     5
Armor: Robe              |    54 |    50 |    95 |    41 ||   240
Dodge: Dodged            |    75 |    94 |   125 |    64 ||   358

Table legend:
 A = Spawn XP
 B = Non-spawn XP
 C = Spawn XP percentage of total XP
 D = Spawn monster count
 E = Non-spawn monster count
 F = Spawn count percentage of total count
 G = Total turns spent on level
                    A         B        C        D         E        F      G
               +---------+---------+-------+---------+---------+-------+---------
         Total |       0 |    7907 |   0.0 |       0 |     168 |   0.0 | 10653
               +---------+---------+-------+---------+---------+-------+---------
           D:1 |       0 |      35 |   0.0 |       0 |      21 |   0.0 |  1130
           D:2 |       0 |      65 |   0.0 |       0 |      18 |   0.0 |   954
           D:3 |       0 |     151 |   0.0 |       0 |      21 |   0.0 |  1115
           D:4 |       0 |     516 |   0.0 |       0 |      16 |   0.0 |   987
           D:5 |       0 |     699 |   0.0 |       0 |      21 |   0.0 |  1349
           D:6 |       0 |     167 |   0.0 |       0 |       4 |   0.0 |   547
           D:7 |       0 |    1009 |   0.0 |       0 |      16 |   0.0 |   951
           D:8 |       0 |    1570 |   0.0 |       0 |      19 |   0.0 |  1482
           D:9 |       0 |    2375 |   0.0 |       0 |      25 |   0.0 |  1436
          D:10 |       0 |    1320 |   0.0 |       0 |       7 |   0.0 |   571
               +---------+---------+-------+---------+---------+-------+---------
